AoeStats
← AxingQuestions

Arabia

506470388Analyzed
1v1 RM · 18d ago on Sep 13, 2026· 33m 53s· 2 players
Game mode
Random Map
Map size
Tiny (2 player)
Population
200
Speed
Normal
Resources
Standard
Victory
Conquest
Starting age
Dark Age
Ending age
Imperial Age
RankedLock teamsTeams togetherTeam positionsShared explorationLock speedFull tech treeHidden civsTurbo modeCheats
Victory
Defeat
🇺🇸 Bohemians · United States
1251
+16
🇺🇸 Berbers · United States
1242
-16
r@w
7:19 Loom
10:03 Feudal Age
10:43 Double-Bit Axe
10:43 Horse Collar
15:16 Fletching
21:08 Castle Age
22:27 Bow Saw
23:21 Scale Barding Armor
25:11 Forging
32:40 Chain Barding Armor
AxingQuestions
8:44 Loom
10:33 Feudal Age
15:06 Castle Age
14:34 Double-Bit Axe
Connection lost

Rejoining the realm…

Still unreachable

The connection could not be restored.

Session expired

The server has moved on; the page needs a fresh start.